 Dungeon Crawl Stone Soup version 0.30-b1-2-g02819fbbbe (webtiles) character file.

Game seed: 17476154546287125465

86 Flugkiller the Trooper (level 4, -1/41 HPs)
             Began as a Minotaur Fighter on May 8, 2023.
             Slain by Ijyb
             ... wielding a +0 dagger
              (3 damage)
             ... on level 4 of the Dungeon.
             The game lasted 00:01:12 (2034 turns).

Flugkiller the Trooper (Minotaur Fighter)           Turns: 2034, Time: 00:01:12

Health: -1/41      AC: 10    Str: 20    XL:     4   Next: 27%
Magic:  3/3        EV:  9    Int:  5    God:
Gold:   99         SH:  0    Dex: 12    Spells: 3/3 levels left

rFire   . . .        a - +0 war axe
rCold   . . .        j - orb {*Rage}
rNeg    . . .        b - +0 scale mail
rPois   .            (helmet restricted)
rElec   .            g - +0 cloak
rCorr   .            n - +0 pair of gloves
SInv    .            o - +0 pair of boots
Will    .....        (no amulet) Stlth
                     (no ring)
HPRegen 0.26/turn    (no ring)
MPRegen 0.08/turn

%: random rage (20%)
@: no status effects
A: horns 2, retaliatory headbutt
a: no special abilities


You were on level 4 of the Dungeon.
You visited 1 branch of the dungeon, and saw 4 of its levels.

You collected 99 gold pieces.

Inventory:

Hand Weapons
 a - a +0 war axe (weapon)
Armour
 b - a +0 scale mail (worn)
 c - a +0 buckler
 g - a +0 cloak (worn)
   (You found it on level 1 of the Dungeon)
 j - an orb of wrath (worn)
   (You found it on level 2 of the Dungeon)
 n - a +0 pair of gloves (worn)
   (You found it on level 2 of the Dungeon)
 o - a +0 pair of boots (worn)
   (You found it on level 3 of the Dungeon)
Scrolls
 e - 6 scrolls of identify {unknown}
 h - a scroll of teleportation {unknown}
 k - a scroll of immolation {unknown}
 r - a scroll of fear {unknown}
 s - a scroll of poison {unknown}
Potions
 d - a potion of might
 f - a potion of haste {unknown}
 i - 3 potions of curing {unknown}
 l - a potion of attraction {unknown}
 m - a potion of brilliance {unknown}
 p - a potion of degeneration {unknown}
 q - a potion of flight {unknown}


   Skills:
 * Level 4.5 Fighting
 * Level 3.5 Axes
 * Level 4.5 Armour
 + Level 4.0 Shields


You had 3 spell levels left.
You didn't know any spells.
Your spell library was empty.

Dungeon Overview and Level Annotations

Branches:
Dungeon (4/15)
 Temple: D:4-7

Altars:

Annotations:
D:3 1 runed translucent door, greggregreg's ghost, amateur DsHu
D:4 Ijyb


Innate Abilities, Weirdness & Mutations

You have a pair of horns on your head.
You reflexively headbutt those who attack you in melee.


Message History

You see here a quokka corpse.
Greggregreg's ghost turns its malevolent gaze towards you.
You open the door.
There is an open door here.
s - a scroll labelled WIVOC EJEGIACE
There is a stone staircase leading up here.
There is a stone staircase leading up here.
You open the door.
There is an open door here.
The adder hisses angrily.
Could not explore, unopened runed door.
Could not explore, unopened runed door.
No reachable target in view!
No reachable target in view!
No reachable target in view!
No reachable target in view!
No reachable target in view!
No reachable target in view!
No reachable target in view!
No reachable target in view!
No reachable target in view!
(D) Dungeon
Where to? (Enter - D:3, ? - help)
You see here a +0 club.
There is an open door here.
There is a stone staircase leading down here.
You climb downwards.
There is a stone staircase leading up here.
A worm is nearby!
Unknown command.
A worm is nearby!
A worm is nearby!
A worm is nearby!
You barely miss the worm. The worm bites you but does no damage.
You hit the worm.
The worm is moderately wounded.
A red film seems to cover your vision as you go berserk!
You feel yourself moving faster!
You feel mighty!
You barely miss the worm. You headbutt the worm!
The worm is severely wounded.
The worm bites you.
You slash the worm!
You kill the worm!
You see here a worm corpse.
No target in view!
Calm down first, please.
Calm down first, please.
You feel a strong urge to attack something.
You start resting.
You feel your anger nearly subside.
You are no longer berserk.
You are exhausted.
You feel yourself slow down.
You start waiting.
You feel yourself speed up.
Ijyb and an endoplasm come into view.
Ijyb is wielding a +0 dagger and carrying a wand of flame (14).
Found 12 gold pieces.
Ijyb shouts!
You hear an angry hiss.
Ijyb zaps a wand.
The puff of flame hits you.
The endoplasm moves out of view.
Ijyb is nearby!
Ijyb is nearby!
A ball python comes into view.
Found 7 stones.
Found an escape hatch in the ceiling.
Ijyb zaps a wand.
The puff of flame hits you.
The ball python moves out of view.
The ball python bites you but does no damage.
The ball python closely misses you. The ball python barely misses you.
The ball python grabs you. The ball python constricts you.
You barely miss the ball python. You closely miss Ijyb.
Ijyb completely misses you. The ball python bites you.
The ball python constricts you.
You slash the ball python!
You kill the ball python!
You closely miss Ijyb.
Ijyb zaps a wand.
The puff of flame hits you but does no damage.
Ijyb hits you but does no damage. The endoplasm freezes you.
You are frozen.
You barely miss Ijyb. You headbutt Ijyb!
Ijyb is moderately wounded.
You barely miss the endoplasm.
You recover from your berserk rage.
Ijyb zaps a wand.
The puff of flame hits you!
The endoplasm hits you but does no damage.
You closely miss Ijyb. Your headbutt misses Ijyb.
Ijyb is moderately wounded.
You hit the endoplasm but do no damage.
Ijyb zaps a wand.
The puff of flame hits you! The endoplasm freezes you.
You are frozen.
* * * LOW HITPOINT WARNING * * *
You are too injured to fight recklessly!
You are too injured to fight recklessly!
You miss Ijyb.
Ijyb is moderately wounded.
You slash the endoplasm!
You kill the endoplasm!
Ijyb zaps a wand.
The puff of flame hits you!
* * * LOW HITPOINT WARNING * * *
Ijyb hits you with a +0 dagger.
You die...

#†#####.# ####.#......
#...........
#........... ..
######...........
###..###...##...........
........................
###..###...###.#.#####.#
.......@.......#.# .#
......g........#.#
.##...#..$.##..#..
...(..#.##.....### .#.##
......##..< #
.##..#....### #. .. .##.
..


You could see Ijyb.

Vanquished Creatures
  2 adders
  3 worms
  9 ball pythons
  8 bats
  4 endoplasms
  2 giant cockroaches
  7 hobgoblins
  8 quokkas
  A frilled lizard (D:1)
  3 goblins (D:1)
  4 kobolds
  6 rats
57 creatures vanquished.

Notes
Turn   | Place    | Note
-------+----------+-------------------------------------------
     0 | D:1      | Flugkiller the Minotaur Fighter began the quest for the
                  | Orb.
     0 | D:1      | Reached XP level 1. HP: 19/19 MP: 0/0
   153 | D:1      | Reached XP level 2. HP: 27/27 MP: 1/1
   557 | D:1      | Reached XP level 3. HP: 33/33 MP: 2/2
   842 | D:2      | Found a faded altar of an unknown god.
  1421 | D:3      | Reached XP level 4. HP: 41/41 MP: 3/3
  1469 | D:3      | Found a runed translucent door.
  1476 | D:3      | Noticed greggregreg's ghost (amateur DsHu)
  2025 | D:4      | Noticed Ijyb
  2034 | D:4      | HP: 2/41 [Ijyb/puff of flame (7)]
  2034 | D:4      | Slain by Ijyb

Illustrated notes

Levels and vault maps discovered:
D:1:      dpeg_arrival_erosion, layout_loops_ring, minmay_misc_feat_hallway
D:2:      layout_loops_ring, chequers_ecumenical_altar_simple_redux
D:3:      layout_basic, mainiacjoe_overflow_catch_the_wave,
          lightli_temple_of_fire, ebering_ghost_sewer_d
D:4:      layout_basic, kennysheep_little_box, overflow_temple_1_default,
          minmay_temple_entry_ruins, uniq_ijyb, uniq_natasha, uniq_sigmund

Skill      XL: |  1  2  3 |
---------------+----------+-----
Armour         | 4 |  4.5
Fighting       | 4 |  4.5
Axes           | 3 |  3.5
Shields        | 4 |  4.0

Action                     |  1- 3 |  4- 6 || total
---------------------------+-------+-------++-------
  Melee: War axe           |   111 |    16 ||   127
         Headbutt          |    13 |     2 ||    15
 Armour: Scale mail        |    52 |     7 ||    59
  Dodge: Dodged            |    53 |     7 ||    60
  Block: Buckler           |    31 |       ||    31
